 Dungeon Crawl Stone Soup version 0.30.1-3-gfc49f6343a (webtiles) character file.

Game seed: 9185352167122097541

49 Anriel the Insei (level 4, 0/35 HPs)
             Began as a Human Monk on July 27, 2023.
             Succumbed to an adder's poison
             ... on level 2 of the Dungeon.
             The game lasted 00:06:08 (1049 turns).

Anriel the Insei (Human Monk)                       Turns: 1049, Time: 00:06:09

Health: 0/35       AC:  2    Str: 14    XL:     4   Next: 2%
Magic:  4/4        EV: 13    Int: 10    God:
Gold:   183        SH:  0    Dex: 15    Spells: 3/3 levels left

rFire   . .          .
                       - Unarmed
rCold   . . .        c - orb {light}
rNeg    . . .        a - +0 robe
rPois   .            (no helmet)
rElec   .            (no cloak)
rCorr   .            (no gloves)
SInv    .            (no boots)
Will    .....        (no amulet)
Stlth   +            (no ring)
HPRegen 0.25/turn    (no ring)
MPRegen 0.09/turn

%: no passive effects
@: lethally poisoned (0 -> -13), flying, glowing
A: no striking features
a: no special abilities


You were on level 2 of the Dungeon.
You visited 1 branch of the dungeon, and saw 2 of its levels.

You collected 183 gold pieces.

Inventory:

Armour
 a - a +0 robe (worn)
 c - an orb of light (worn)
Magical Staves
 e - a staff of earth
Scrolls
 f - a scroll of identify {unknown}
Potions
 d - a potion of flight


   Skills:
 + Level 3.4 Fighting
 + Level 3.4 Dodging
 * Level 3.8 Unarmed Combat
 + Level 0.4 Spellcasting


You had 3 spell levels left.
You didn't know any spells.
Your spell library contained the following spells:

 Spells                   Type           Power      Damage    Failure   Level
 Necrotise                Necr           0%         1d4       36%         1
 Vampiric Draining        Necr           0%         2d6       73%         3
 Agony                    Necr           0%         N/A       100%        5


Dungeon Overview and Level Annotations

Branches:
Dungeon (2/15)

Altars:


Message History

You feel invigorated.
You feel sick. The adder barely misses you. The kobold closely misses you.
You bump into the rock wall.
You feel sick. The adder bites you. The kobold hits you with a +0 dagger.
The adder bites you.
* * * LOW HITPOINT WARNING * * *
You are lethally poisoned!
The adder poisons you!
You feel very sick. The adder bites you but does no damage.
The kobold hits you with a +0 dagger.
* * * LOW HITPOINT WARNING * * *
You feel sick. The kobold hits you with a +0 dagger.
* * * LOW HITPOINT WARNING * * *
You feel sick. The adder barely misses you.
You closely miss the adder.
The adder is almost dead.
You feel sick. The adder bites you.
You are more poisoned.
The adder poisons you! The kobold barely misses you.
You hit the kobold but do no damage.
You feel sick. The adder bites you. The kobold barely misses you.
The adder attacks as you move away! The adder bites you.
* * * LOW HITPOINT WARNING * * *
You are lethally poisoned!
The adder poisons you!
You feel less invigorated.
You feel less confused.
You feel very sick.
You closely miss the adder.
The adder is almost dead.
* * * LOW HITPOINT WARNING * * *
You feel very sick. The adder misses you. The kobold hits you with a +0 dagger.
* * * LOW HITPOINT WARNING * * *
The adder bites you.
* * * LOW HITPOINT WARNING * * *
You are more poisoned.
The adder poisons you!
It was a potion of flight.
You feel very buoyant.
You fly up into the air.
You die...

.......##........##.# ##..8#
.......##........##.# #.<.#
.......##...........####..8#
.......##............##...##
.............>.......#8..##
..[....##............'..##
.....................#8##
.....................###
...........##.##@......###
........#####.##SK.......#
.........................#
............!............#
.........................#
.................#########
....#...##.......# ........#
........#


You could see an adder and a kobold.

Vanquished Creatures
  2 adders (D:2)
  A dart slug (D:1)
  3 ball pythons
  2 bats (D:1)
  2 endoplasms (D:1)
  2 giant cockroaches
  4 goblins (D:1)
  3 hobgoblins
  4 frilled lizards (D:1)
  A kobold (D:1)
  5 rats
  A spectral kobold (D:1)
30 creatures vanquished.

Notes
Turn   | Place    | Note
-------+----------+-------------------------------------------
     0 | D:1      | Anriel the Human Monk began the quest for the Orb.
     0 | D:1      | Reached XP level 1. HP: 18/18 MP: 1/1
   116 | D:1      | Reached XP level 2. HP: 24/24 MP: 2/2
   400 | D:1      | Reached XP level 3. HP: 29/29 MP: 3/3
   432 | D:1      | Found a faded altar of an unknown god.
   987 | D:2      | Reached XP level 4. HP: 32/35 MP: 4/4
  1049 | D:2      | Succumbed to an adder's poison

Illustrated notes

Levels and vault maps discovered:
D:1:      spicycebolla_arrival_risky_transporter, layout_loops_ring,
          dreamdust_ecumenical_altar_drowned_temple
D:2:      layout_basic, grunt_ministairs_8

Action                     |  1- 3 |  4- 6 || total
---------------------------+-------+-------++-------
  Melee: Unarmed           |    91 |    26 ||   117
    Use: Potion            |       |     2 ||     2
 Armour: Robe              |    15 |     8 ||    23
  Dodge: Dodged            |    58 |    37 ||    95
